 Dungeon Crawl Stone Soup version 0.26.0-10-g1f06aea511 (webtiles) character file.

Game seed: 17668862868287812146

16 inc the Vexing (level 2, 0/11 HPs)
             Began as a Felid Enchanter on Jan 30, 2021.
             Slain by a worm (8 damage)
             ... on level 2 of the Dungeon.
             The game lasted 00:00:43 (1134 turns).

inc the Vexing (Felid Enchanter)                    Turns: 1134, Time: 00:00:43

Health: 0/11       AC:  1    Str:  4    XL:     2   Next: 41%
Magic:  6/6        EV: 19    Int: 16    God:
Gold:   67         SH:  0    Dex: 16    Spells: 4/5 levels left
                                        Lives:  0   Deaths: 0

rFire    . . .     SeeInvis +     - Unarmed
rCold    . . .     Faith    .   (shield unavailable)
rNeg     . . .     Spirit   .   (armour unavailable)
rPois    .         Reflect  .   (helmet unavailable)
rElec    .         Harm     .   (cloak unavailable)
rCorr    .         Rampage  .   (gloves unavailable)
Will     .....                  (boots unavailable)
Stlth    +++.......             (no amulet)
HPRegen  0.03/turn              (no ring)
MPRegen  0.10/turn              (no ring)

@: quick
A: very small, no armour, no weapons or thrown items, stealth, claws 1, fangs 3,
see invisible, speed 1, shaggy fur 1, sharp paws
a: no special abilities


You were on level 2 of the Dungeon.
You visited 1 branch of the dungeon, and saw 2 of its levels.

You collected 67 gold pieces.

Inventory:

Jewellery
 c - a +4 ring of protection {unknown}
Scrolls
 a - a scroll of remove curse {unknown}
 e - a scroll of identify {unknown}
Potions
 b - a potion of haste {unknown}
 d - a potion of magic {unknown}
 f - 2 potions of curing {unknown}


   Skills:
 + Level 4.0 Dodging
 - Level 4.0 Stealth
 + Level 1.2 Unarmed Combat
 - Level 2.0 Spellcasting
 - Level 4.4 Hexes


You had 4 spell levels left.
You knew the following spells:

 Your Spells              Type           Power        Failure   Level
a - Corona                Hex            16%          3%          1

Your spell library contained the following spells:

 Spells                   Type           Power        Failure   Level
 Confusing Touch          Hex            15%          11%         3
 Tukima's Dance           Hex            15%          11%         3
 Ensorcelled Hibernation  Hex/Ice        16%          13%         2
 Dazzling Flash           Conj/Hex       16%          26%         3


Dungeon Overview and Level Annotations

Branches:
Dungeon (2/15)

Altars:


Innate Abilities, Weirdness & Mutations

You cannot wear armour.
You are incapable of wielding weapons or throwing items.
Your paws allow you to move quietly. (Stealth)
You have sharp claws.
You have razor-sharp teeth.
You have supernaturally acute eyesight. (SInv)
You cover ground quickly.
You are covered in fur. (AC +1)
Your sharp claws are effective at attacking unaware monsters.


Message History

You scratch the worm but do no damage. The worm misses you.
You barely miss the worm.
There are monsters nearby!
You scratch the worm but do no damage. The worm bites you.
You scratch the worm.
The worm is lightly wounded.
The worm misses you.
You scratch the worm but do no damage. You scratch the worm.
The worm is lightly wounded.
The worm bites you but does no damage.
You scratch the worm but do no damage. You bite the worm, but do no damage.
The worm is lightly wounded.
You barely miss the worm.
The worm is lightly wounded.
The worm closely misses you.
You barely miss the worm.
The kobold throws a stone.
The stone completely misses you. The worm bites you!
Ouch! That really hurt!
You die...

#......###......
#......###......
#...............
#.............#
#.............#
#...........###
#####.......#
####......[#
.......@...#
........w..#
............)..
...............
...............
##.............
#......K......
#......<......


You could see a worm and a kobold.

Vanquished Creatures
  An ooze (D:1)
  A dart slug (D:1)
  2 bats
  2 hobgoblins
  A ball python (D:1)
  A frilled lizard (D:1)
  A kobold (D:1)
  2 rats (D:2)
11 creatures vanquished.

Notes
Turn   | Place    | Note
-------+----------+-------------------------------------------
     0 | D:1      | inc the Felid Enchanter began the quest for the Orb.
     0 | D:1      | Reached XP level 1. HP: 7/7 MP: 4/4
   134 | D:1      | Reached XP level 2. HP: 3/11 MP: 6/6
  1134 | D:2      | Slain by a worm

Illustrated notes

Levels and vault maps discovered:
D:1:      sevenhm_arrival_forest_fort_small_3, layout_basic
D:2:      layout_basic, chequers_temple_overflow_statue_of_worship, tgw_xom,
          minmay_lizard_pond

Skill      XL: |  1  2 |
---------------+-------+-----
Dodging        | 3 4 |  4.0
Stealth        | |  4.0
Unarmed Combat | |  1.2
Spellcasting   | |  2.0
Hexes          | |  4.4

Action                   || total
-------------------------++-------
Melee: Unarmed           ||    38
       Bite              ||     3
 Stab: Sleeping          ||     5
Armor: Skin              ||     4
Dodge: Dodged            ||    21
